 Dungeon Crawl Stone Soup version 0.19-a0-1820-gbf060b2 (webtiles) character file.

20146 Grim the Cruncher (level 12, -2/144 HPs)
             Began as a Minotaur Gladiator on Oct 6, 2016.
             Was an Elder of the Shining One.
             Slain by Kirke (18 damage)
             ... on level 12 of the Dungeon.
             The game lasted 00:38:57 (15506 turns).

Grim the Cruncher (Minotaur Gladiator)             Turns: 15506, Time: 00:38:58

Health: -2/144     AC:  0    Str: 26    XL:     12   Next: 42%
Magic:  19/19      EV: 23    Int:  5    God:    the Shining One [****..]
Gold:   327        SH:  0    Dex: 20    Spells: 0 memorised, 11 levels left

rFire  . . .     SeeInvis .     (weapon currently unavailable)
rCold  . . .     Gourm    .     (armour currently unavailable)
rNeg   + + .     Faith    .     (shield currently unavailable)
rPois  .         Spirit   .     (helmet unavailable)
rElec  .         Dismiss  .     (cloak currently unavailable)
rCorr  .         Reflect  .     (gloves currently unavailable)
MR     .....     Harm     .     (boots currently unavailable)
Stlth  ..........               (no amulet)
                                (ring currently unavailable)
                                (ring currently unavailable)

@: mighty, agile, berserking, pig-form (expiring), slowed, glowing, very quick
A: (retaliatory headbutt), (hooves 0), (horns 0), repulsion field 1, (large bone
plates 0), (yellow scales 0), frail 1
a: Divine Shield, Cleansing Flame, Renounce Religion


You were on level 12 of the Dungeon.
You worshipped the Shining One.
The Shining One was greatly pleased with you.
You were not hungry.
You were a filthy swine.
You visited 2 branches of the dungeon, and saw 14 of its levels.
You also visited: Bailey.

You collected 932 gold pieces.
You spent 572 gold pieces at shops.
You donated 33 gold pieces to Zin.

Inventory:

Hand Weapons
 K - the +1 lajatang of Ewniuch (melded) {elec, +Fly rElec Int+2 Dex+6}
   (You acquired it on level 4 of the Dungeon)

   Occasionally, upon striking a foe, it will discharge some electrical energy
   and cause terrible harm.
   It affects your intelligence (+2).
   It affects your dexterity (+6).
   It insulates you from electricity.
   It lets you fly.
Missiles
 d - 3 throwing nets
 i - 51 tomahawks of returning (quivered)
Armour
 a - a +2 cloak (melded)
 o - a +0 cloak
 C - the +0 pair of gloves of the Black Skies (melded) {rCorr Str+6 Int+9 Stlth-}
   (You found it on level 6 of the Dungeon)

   It affects your strength (+6).
   It affects your intelligence (+9).
   It protects you from acid and corrosion.
   It makes you less stealthy.
 R - the cursed +1 plate armour of the Wumpus (melded) {rC- rN+++ Dex+3 Stlth+}
   (You found it on level 10 of the Dungeon)

   It affects your dexterity (+3).
   It makes you vulnerable to cold.
   It renders you almost immune to negative energy.
   It makes you more stealthy.
   It has a curse placed upon it.
 V - a +0 pair of boots (melded)
Jewellery
 A - the ring of the Blind Eye (melded) {Slay+2 Stlth-}
   (You found it on level 12 of the Dungeon)

   [ring of loudness]

   It affects your accuracy and damage with ranged weapons and melee attacks
   (+2).
   It makes you less stealthy.
 B - a +1 ring of protection
 T - a +2 ring of slaying (melded)
Wands
 g - a wand of flame (32/48)
 v - a wand of iceblast (10/15)
 N - a wand of polymorph (6/24)
 S - a wand of paralysis (15/24)
Scrolls
 c - 3 scrolls of amnesia {unknown}
 e - 4 scrolls of blinking
 j - 4 scrolls of teleportation
 k - 6 scrolls of remove curse
 n - 5 scrolls of enchant armour
 r - 3 scrolls of random uselessness {unknown}
 s - 3 scrolls of recharging
 t - 4 scrolls of noise {unknown}
 x - 2 scrolls of fear {unknown}
 E - a scroll of magic mapping {unknown}
 G - a scroll of fog
 P - a scroll of silence {unknown}
 U - a scroll of enchant weapon {unknown}
 Z - a scroll of identify
Potions
 m - 2 potions of brilliance
 p - a potion of berserk rage
 q - 3 potions of flight
 z - a potion of invisibility
 D - a potion of lignification
 F - 4 potions of curing
 I - a potion of might
 L - a potion of degeneration {unknown}
 M - a potion of ambrosia
 O - a potion of magic {unknown}
 Q - a potion of cancellation {unknown}
 X - 2 potions of haste
Books
 w - a book of Maledictions

   Spells                             Type                      Level
   a - Corona                         Hexes                        1
   b - Ensorcelled Hibernation        Hexes/Ice                    2
   c - Confuse                        Hexes                        3
   d - Tukima's Dance                 Hexes                        3
   e - Dazzling Spray                 Conjuration/Hexes            3
 y - a book of Minor Magic

   Spells                             Type                      Level
   a - Magic Dart                     Conjuration                  1
   b - Blink                          Translocation                2
   c - Call Imp                       Summoning                    2
   d - Repel Missiles                 Charms/Air                   2
   e - Slow                           Hexes                        2
   f - Conjure Flame                  Conjuration/Fire             3
   g - Mephitic Cloud                 Conjuration/Poison/Air       3
 J - a book of Minor Magic

   Spells                             Type                      Level
   a - Magic Dart                     Conjuration                  1
   b - Blink                          Translocation                2
   c - Call Imp                       Summoning                    2
   d - Repel Missiles                 Charms/Air                   2
   e - Slow                           Hexes                        2
   f - Conjure Flame                  Conjuration/Fire             3
   g - Mephitic Cloud                 Conjuration/Poison/Air       3
 Y - a book of Frost

   Spells                             Type                      Level
   a - Freeze                         Ice                          1
   b - Throw Frost                    Conjuration/Ice              2
   c - Ozocubu's Armour               Charms/Ice                   3
   d - Throw Icicle                   Conjuration/Ice              4
   e - Summon Ice Beast               Ice/Summoning                4
Comestibles
 f - 12 bread rations
 h - 6 meat rations
 l - 11 slices of pizza
 u - 3 fruits


   Skills:
 + Level 10.5 Fighting
 - Level 14.2 Staves
 - Level 2.0 Throwing
 + Level 10.2 Armour
 - Level 3.2 Dodging
 * Level 11.8 Invocations


You had 11 spell levels left.
You didn't know any spells.

Dungeon Overview and Level Annotations

Branches:
Dungeon (13/15)            Temple (1/1) D:5             Orc (0/2) D:11
   Lair: D:8-11      Vaults: D:13-14

Altars:
Ashenzari
Cheibriados
Dithmenos
Elyvilon
Fedhas
Gozag
Hepliaklqana
Kikubaaqudgha
Makhleb
Nemelex Xobeh
Okawaru
Qazlal
Ru
Sif Muna
Trog
Uskayaw
Vehumet
Xom
Yredelemnul
Zin
The Shining One
Lugonu

Shops:
D:4 **   D:6 %   D:12 *%*?

Portals:
Trove: D:10 (give 3 potions of resistance)

Annotations:
D:12 Kirke


Innate Abilities, Weirdness & Mutations

((You reflexively headbutt those who attack you in melee.))
((You have a pair of large horns on your head.))
((You have large cloven feet.))
You are surrounded by a mild repulsion field. (EV +2)
((You are partially covered in large bone plates. (SH +4)))
((You are partially covered in yellow scales. (AC +2)))
You are frail. (-10% HP)


Message History

Kirke completely misses you.
You barely miss Kirke.
Kirke is lightly wounded.
Your transformation is almost over.
Kirke completely misses you.
You hit Kirke.
Kirke is lightly wounded.
Kirke closely misses you.
You bite Kirke!
Kirke is moderately wounded.
Kirke casts a spell at you.
You feel a momentary urge to oink.
You bite Kirke!
Kirke is moderately wounded.
Kirke hits you!!
* * * LOW HITPOINT WARNING * * *
You bite Kirke!
Kirke is moderately wounded.
Kirke hits you!!
You die...

#...<..###.......................
...###...#..........##...........
#### ###............##...........
###..........#####'#######
#..........# #...## #####[<...##
###..# ########.##### ##.# ####
#........@...# #.#
...####.......<.h..#########.####
...#...............)..##........#
...#.##............##....##'###.#
...'.##............#####.#....#.#
...####............# #.#....#.#
...# ##.########### #.#....#.#
#### #......## #.######.#
######..# #........# ##.#####
######.###


You could see Kirke.

Vanquished Creatures
  A hydra (D:11)
  Erica (D:8)
  An unseen horror (D:12)
  5 hill giants
  A wolf spider zombie (D:12)
  An orc knight (Bailey)
  A deep elf mage (D:12)
  A manticore (D:11)
  A cyclops (D:13)
  The ghost of xsansara the Jinx, a novice FeEn of Ashenzari (D:10)
  Joseph (D:8)
  2 ugly things
  3 trolls
  A two-headed ogre (D:12)
  A hornet (D:8)
  3 slime creatures
  The ghost of Tekks the Insei, an amateur OpTm (D:4)
  A wyvern (D:12)
  A wraith (D:10)
  Sigmund (D:2)
  A shadow (D:11)
  4 hogs (D:7)
  5 yaks
  2 vampires
  A human (D:7)
  2 vampire mosquitoes (D:12)
  4 wargs (D:11)
  3 ice beasts
  3 sky beasts
  6 orc warriors
  2 black bears
  A phantom (D:11)
  A necrophage (D:12)
  5 ogres
  8 centaurs
  A big kobold (D:12)
  Blork the orc (D:5)
  13 bullfrogs
  A gnoll sergeant (D:9)
  A wyvern zombie (D:9)
  8 scorpions
  11 killer bees
  5 wights (D:6)
  6 howler monkeys
  4 crimson imps
  2 bullfrog zombies
  5 lava snakes (D:11)
  A centaur zombie (D:11)
  6 hounds
  3 jellies
  A gnoll shaman (D:9)
  3 orc priests
  4 orc wizards
  2 bullfrog skeletons
  4 centaur skeletons
  Jessica (D:2)
  5 iguanas
  7 worker ants
  2 hound skeletons
  Robin (D:2)
  16 gnolls
  A howler monkey skeleton (D:5)
  18 adders
  4 shadow imps
  2 oozes
  An adder zombie (D:6)
  An adder skeleton (D:9)
  4 worms
  A dart slug (D:1)
  7 leopard geckos
  45 orcs
  3 ball pythons
  7 giant cockroaches
  23 goblins
  11 hobgoblins
  9 jackals
  3 quokkas
  5 bats
  3 frilled lizards
  A giant cockroach zombie (D:6)
  A jackal skeleton (D:6)
  29 kobolds
  2 leopard gecko skeletons
  A quokka skeleton (D:4)
  4 rats
377 creatures vanquished.

Notes
Turn   | Place    | Note
-------+----------+-------------------------------------------
     0 | D:1      | Grim the Minotaur Gladiator began the quest for the Orb.
     0 | D:1      | Reached XP level 1. HP: 18/18 MP: 0/0
    77 | D:1      | Reached skill level 4 in Staves
   136 | D:1      | Reached XP level 2. HP: 25/25 MP: 1/1
   636 | D:1      | Reached skill level 5 in Staves
   667 | D:2      | Noticed Jessica
   807 | D:2      | Reached XP level 3. HP: 29/30 MP: 2/2
   992 | D:2      | Killed Jessica
  1140 | D:2      | Noticed Sigmund
  1153 | D:2      | Killed Sigmund
  1153 | D:2      | Reached skill level 7 in Staves
  1153 | D:2      | Reached XP level 4. HP: 31/37 MP: 3/3
  1153 | D:2      | Reached XP level 5. HP: 35/42 MP: 4/4
  1278 | D:2      | Noticed Robin
  1462 | D:2      | Killed Robin
  1462 | D:2      | Reached skill level 8 in Staves
  1794 | D:2      | Reached XP level 6. HP: 50/50 MP: 5/5
  2085 | D:2      | Found a basalt altar of Yredelemnul.
  2093 | D:2      | Found a white marble altar of Elyvilon.
  2094 | D:2      | Found a glowing silver altar of Zin.
  2094 | D:2      | Found an ancient bone altar of Kikubaaqudgha.
  2094 | D:2      | Found a sparkling altar of Nemelex Xobeh.
  2094 | D:2      | Found a bloodstained altar of Trog.
  2095 | D:2      | Found a deep blue altar of Sif Muna.
  2096 | D:2      | Found a snail-covered altar of Cheibriados.
  2097 | D:2      | Found a hide-covered altar of Uskayaw.
  2098 | D:2      | Found a shadowy altar of Dithmenos.
  2099 | D:2      | Found a shimmering altar of Xom.
  3272 | D:3      | Gained mutation: You are frail. (-10% HP) [potion of mutation]
  3272 | D:3      | Gained mutation: You are partially covered in large bone plates. (SH +4) [potion of mutation]
  3272 | D:3      | Gained mutation: You have a pair of large horns on your head. [potion of mutation]
  3385 | D:4      | Noticed Tekks's ghost (amateur OpTm)
  3398 | D:4      | Killed Tekks's ghost
  3398 | D:4      | Reached skill level 9 in Staves
  3398 | D:4      | Reached XP level 7. HP: 16/50 MP: 6/6
  3744 | D:4      | Reached skill level 10 in Staves
  3897 | D:4      | Found Otovop's General Store.
  3915 | D:4      | Found Otruthroph's General Store.
  4500 | D:5      | Entered Level 5 of the Dungeon
  4567 | D:5      | Reached skill level 11 in Staves
  4634 | D:5      | Found a radiant altar of Vehumet.
  4848 | D:5      | Noticed Blork the orc
  4860 | D:5      | Killed Blork the orc
  4860 | D:5      | Reached XP level 8. HP: 49/55 MP: 7/7
  5188 | D:5      | Found a staircase to the Ecumenical Temple.
  5377 | Temple   | Entered the Ecumenical Temple
  5615 | D:2      | Became a worshipper of Zin the Law-Giver
  5615 | D:2      | Reached * piety under Zin
  5760 | D:5      | Reached skill level 12 in Staves
  6077 | Temple   | Fell from the grace of Zin
  6077 | Temple   | Became a worshipper of the Shining One
  6078 | Temple   | Gained mutation: You have large cloven feet. [potion of beneficial mutation]
  6079 | Temple   | Gained mutation: You are partially covered in yellow scales. (AC +2) [potion of beneficial mutation]
  6080 | Temple   | Gained mutation: You are surrounded by a mild repulsion field. (EV +2) [potion of beneficial mutation]
  6778 | D:6      | Reached skill level 13 in Staves
  6809 | D:6      | Found Qauciov's Food Boutique.
  7139 | D:6      | Got a pair of spiked gloves
  7252 | D:6      | Reached * piety under the Shining One
  7273 | D:6      | Reached XP level 9. HP: 52/61 MP: 8/8
  7293 | D:6      | Reached skill level 14 in Staves
  7625 | D:6      | Reached skill level 1 in Invocations
  8332 | D:7      | Reached skill level 1 in Armour
  9046 | D:7      | Reached skill level 5 in Invocations
  9382 | D:8      | Noticed Erica
  9391 | D:8      | Reached skill level 5 in Fighting
  9406 | D:8      | Killed Erica
  9406 | D:8      | Reached XP level 10. HP: 72/72 MP: 13/13
  9586 | D:8      | Reached skill level 5 in Armour
  9592 | D:8      | Identified the +0 pair of gloves of the Black Skies {rCorr Str+6 Int+9 Stlth-} (You found it on level 6 of the Dungeon)
  9691 | D:8      | Noticed Joseph
  9715 | D:8      | Killed Joseph
  9849 | D:8      | Reached ** piety under the Shining One
 10144 | D:9      | Noticed a hill giant
 10153 | D:9      | Killed a hill giant
 10585 | D:4      | Bought a scroll of acquirement for 572 gold pieces
 10588 | D:4      | Got a faintly glowing lajatang
 10589 | D:4      | Identified the +1 lajatang of Ewniuch {elec, +Fly rElec Int+2 Dex+6} (You acquired it on level 4 of the Dungeon)
 10966 | D:9      | Noticed a hill giant
 10974 | D:9      | Killed a hill giant
 11278 | D:10     | Entered Level 10 of the Dungeon
 11386 | D:10     | Noticed xsansara's ghost (novice FeEn)
 11401 | D:10     | Killed xsansara's ghost
 11401 | D:10     | Reached XP level 11. HP: 77/82 MP: 16/16
 11508 | D:10     | Got a smoking plate armour
 11519 | D:10     | Identified the cursed +1 plate armour of the Wumpus {rC- rN+++ Dex+3 Stlth+} (You found it on level 10 of the Dungeon)
 11540 | D:10     | Found a portal to a secret trove of treasure.
 11760 | D:10     | You fall through a shaft!
 11763 | D:11     | Noticed a red ugly thing
 11771 | D:11     | Killed a red ugly thing
 11772 | D:11     | Reached *** piety under the Shining One
 11818 | D:11     | Found a staircase to the Orcish Mines.
 11881 | D:11     | Noticed a hill giant
 11895 | D:11     | Killed a hill giant
 12189 | D:11     | Noticed a five-headed hydra
 12200 | D:11     | Killed a 12-headed hydra
 12547 | D:11     | Noticed a hill giant
 12553 | D:11     | Killed a hill giant
 12573 | D:11     | Reached skill level 10 in Invocations
 13542 | D:12     | Found Ulosenk's Assorted Antiques.
 13562 | D:12     | Noticed a deep elf mage
 13566 | D:12     | Noticed a sixfirhy
 13573 | D:12     | Killed a deep elf mage
 13593 | D:12     | Found Lygiv's Assorted Antiques.
 13593 | D:12     | Found Joufen's Food Shoppe.
 13768 | D:12     | Found a flagged portal.
 13780 | Bailey   | Entered a bailey
 13804 | Bailey   | Noticed an orc knight
 13804 | Bailey   | Reached **** piety under the Shining One
 13819 | Bailey   | Killed an orc knight
 14170 | D:12     | Reached XP level 12. HP: 94/94 MP: 19/19
 14241 | D:12     | Found Ymiphi's Magic Scroll Emporium.
 14417 | D:12     | Got a transparent lapis lazuli ring
 14580 | D:12     | Reached skill level 10 in Fighting
 14894 | D:12     | Reached skill level 10 in Armour
 15409 | D:13     | Identified the ring of the Blind Eye {Slay+2 Stlth-} (You found it on level 12 of the Dungeon)
 15429 | D:13     | Noticed Kirke
 15506 | D:12     | Slain by Kirke

Vault maps used:
D:1:      lightli_arrival_flooded_house, eino_curves_02
D:2:      minitemple, uniq_jessica, uniq_sigmund, uniq_robin
D:4:      serial_shops, shop, shop, first_bread, st_stairs_13,
          hangedman_decor_riveting, hangedman_abyss_or_decor_stabs
D:5:      old_standard_altar, uniq_blork_the_orc
D:6:      serial_shops, kennysheep_mini, chequers_ossuary_entry_cave
D:7:      serial_corexii_hall, corexii_hall_statues_l, corexii_hall_statues_x,
          corexii_hall_statues_x, corexii_hall_statues_i,
          corexii_hall_statues_x, corexii_hall_statues_x, grunt_livestock
D:8:      uniq_erica, uniq_joseph
D:9:      grunt_ministairs_8
D:10:     cheibrodos_breeding_chamber, dpeg_oklobed_lair,
          nicolae_trove_entry_crossroad, amethyst_killhole, uniq_erolcha
D:11:     erik_rubicon_a, minmay_orc_entry_guard_dogs
D:12:     enter_bailey_1, serial_shops, nicolae_shop_overgrown_old_shop,
          nicolae_shop_stone, nicolae_shop_stone, nicolae_shop_stone,
          nicolae_benzene_ring
D:13:     uniq_kirke
Temple:   kb_corrupted_temple
Bailey:   bailey_axe_1, bailey

Skill      XL: |  1  2  3  4  5  6  7  8  9 10 11 12 |
---------------+-------------------------------------+-----
Staves         | 4 5 7 8 9 11 13 14 | 14.2
Invocations    | 6 8 10 11 | 11.8
Armour         | 4 7 9 10 | 10.2
Fighting       | 5 7 9 10 | 10.5
Throwing       | |  2.0
Dodging        | |  3.2

Action                   |  1- 3 |  4- 6 |  7- 9 | 10-12 || total
-------------------------+-------+-------+-------+-------++-------
Melee: Quarterstaff      |    45 |   130 |   339 |   108 ||   622
       Headbutt          |     5 |    12 |    60 |   105 ||   182
       Kick              |       |       |    67 |   105 ||   172
       Lajatang          |       |       |       |   278 ||   278
       Unarmed           |       |       |       |     9 ||     9
Throw: Throwing net      |     2 |       |     1 |       ||     3
Invok: Divine Shield     |       |       |       |     2 ||     2
  Use: Scroll            |       |     6 |     7 |     8 ||    21
       Potion            |       |     1 |     6 |     9 ||    16
 Stab: Held in net/web   |     2 |       |       |       ||     2
  Eat: Chunk             |       |     8 |    10 |    13 ||    31
       Bread ration      |       |       |     2 |     1 ||     3
       Pizza             |       |       |       |     1 ||     1
Armor: Leather armour    |     6 |    36 |     2 |       ||    44
       Chain mail        |       |       |    88 |     4 ||    92
       Plate armour      |       |       |       |   197 ||   197
Dodge: Dodged            |    25 |   117 |   125 |   206 ||   473
Block: Other             |       |       |    40 |    86 ||   126
